 Dungeon Crawl Stone Soup version 0.29-a0-231-g945431f764 (webtiles) character file.

Game seed: 6209207607675689592

2 GabrielManson the Sneak (level 1, -2/16 HPs)
             Began as an Octopode Delver on Mar 1, 2022.
             Slain by an orc
             ... wielding a +0 trident
              (8 damage)
             ... on level 4 of the Dungeon.
             The game lasted 00:01:25 (173 turns).

GabrielManson the Sneak (Octopode Delver)            Turns: 173, Time: 00:01:25

Health: -2/16      AC:  1    Str: 11    XL:     1   Next: 30%
Magic:  1/1        EV: 13    Int: 12    God:
Gold:   0          SH:  0    Dex: 13    Spells: 0/0 levels left

rFire   . . .      SeeInvis .     - Unarmed
rCold   . . .      Faith    .   (no shield)
rNeg    . . .      Spirit   .   (helmet restricted)
rPois   .          Reflect  .   (no amulet)
rElec   .          Harm     .   (no ring)
rCorr   .          Rampage  .   (no ring)
Will    .....                   (no ring)
Stlth   ++++......              (no ring)
HPRegen 0.05/turn               (no ring)
MPRegen 0.07/turn               (no ring)
                                (no ring)
                                (no ring)

@: no status effects
A: almost no armour, amphibious, 8 rings, camouflage 1, gelatinous body 1,
(nimble swimmer 1), tentacles
a: no special abilities


You were on level 4 of the Dungeon.
You visited 1 branch of the dungeon, and saw 2 of its levels.

Inventory:

Wands
 e - a wand of digging (3)
 f - a wand of paralysis (8)
Scrolls
 a - a scroll of fog
 b - a scroll of magic mapping
 c - a scroll of fear
 g - a scroll of holy word {unknown}
 i - a scroll of teleportation {unknown}
Potions
 d - a potion of haste
 h - a potion of curing {unknown}


   Skills:
 + Level 3.0 Fighting
 * Level 2.0 Dodging
 - Level 6.6 Stealth
 + Level 2.0 Unarmed Combat


You couldn't memorise any spells.
You didn't know any spells.
Your spell library was empty.

Dungeon Overview and Level Annotations

Branches:
Dungeon (5/15)
 Temple: D:4-7

Altars:
Elyvilon


Innate Abilities, Weirdness & Mutations

You cannot wear most types of armour.
You are amphibious.
You can wear up to eight rings at the same time.
Your skin changes colour to match your surroundings (Stealth+).
Your rubbery body absorbs attacks. (AC +1, EV +1)
((You are camouflaged when in or above water. (Stealth+)))
You have tentacles for arms and can constrict up to eight enemies at once.


Message History

An orc comes into view. It is wielding a +0 trident.
The orc shouts! x2
An orc comes into view. It is wielding a +0 flail.
An orc comes into view. It is wielding a +0 mace.
The orc moves out of view.
Found 17 stones.
The orc hits you with a +0 whip.
Found a leather armour.
Found a scroll labelled ZEDEIM ZUIDO, a mace and a brown potion.
Found a white marble altar of Elyvilon.
You barely miss the orc. You grab the orc. You constrict the orc.
The orc closely misses you.
You barely miss the orc.
The orc is lightly wounded.
You constrict the orc. The orc closely misses you.
You tentacle-slap the orc.
The orc is heavily wounded.
You constrict the orc. The orc hits you with a +0 whip.
The orc barely misses you.
You barely miss the orc.
The orc is almost dead.
You constrict the orc.
You kill the orc!
The orc barely misses you. The orc hits you with a +0 trident.
You see here a +0 whip.
The orc hits you from afar with a +0 trident.
* * * LOW HITPOINT WARNING * * *
Found 13 gold pieces.
Found 13 gold pieces.
There is a white marble altar of Elyvilon here.
You see here a scroll labelled ZEDEIM ZUIDO.
You see here 13 gold pieces.
The orc closely misses you.
Found a stone staircase leading up.
Found a stone staircase leading up.
There is a stone staircase leading up here.
The orc hits you from afar with a +0 trident!
Ouch! That really hurt!
You die...

##+#.....#
#.....# #.....#
#.....#
#...o.##########
#....o..........
#......o........
#.............<.
#.......@.......
#...............
#.....##########
#.....# ####+#


You could see 3 orcs.

Vanquished Creatures
  An orc (D:4)
1 creature vanquished.

Notes
Turn   | Place    | Note
-------+----------+-------------------------------------------
     0 | D:5      | GabrielManson the Octopode Delver began the quest for the
                  | Orb.
     0 | D:5      | Reached XP level 1. HP: 16/16 MP: 1/1
    94 | D:5      | Noticed an iguana
   131 | D:4      | Found a white marble altar of Elyvilon.
   173 | D:4      | Slain by an orc

Illustrated notes

Levels and vault maps discovered:
D:4:      layout_gridville, nicolae_overflow_crystal_walls
D:5:      layout_cave_pods, grunt_temple_overflow_diamond,
          nicolae_wooded_promenade, chequers_serial_rivers_micro_c

Action                   || total
-------------------------++-------
Melee: Unarmed           ||     4
       Constrict         ||     1
Dodge: Dodged            ||     6

Table legend: (Time is in decaauts)
 A = Elapsed time spent in this place.
 B = Non-inter-level travel time spent in this place.
 C = Inter-level travel time spent in this place.
 D = Time resting spent in this place.
 E = Time spent auto-exploring this place.
 F = Levels seen in this place.
 G = Mean time per level.
                   A        B        C        D        E       F      G
               +--------+--------+--------+--------+--------+-----+--------+
         Total |    172 |    172 |      0 |      0 |     54 |   2 |   86.0 |
       Dungeon |    172 |    172 |      0 |      0 |     54 |   2 |   86.0 |
               +--------+--------+--------+--------+--------+-----+--------+

Top non-repeatable levels by time:
     D:5: 106 daAuts
     D:4: 66 daAuts
